 Dungeon Crawl Stone Soup version 0.31-a0-506-g3d79149578 (webtiles) character file.

Game seed: 2390545685882174138

36373 GordonOverkill the Thaumaturge (level 13, 0/83 HPs)
             Began as an Octopode Delver on Aug 9, 2023.
             Was an Elder of Vehumet.
             Slain by an eight-headed hydra (2 damage)
             ... while petrified by a basilisk
             ... on level 4 of the Lair of Beasts.
             The game lasted 00:44:25 (21805 turns).

GordonOverkill the Thaumaturge (Octopode Delver)   Turns: 21805, Time: 00:44:25

Health: 0/83       AC:  7    Str: 11    XL:     13   Next: 89%
Magic:  25/37      EV:  2    Int: 21    God:    Vehumet [****..]
Gold:   1121       SH:  0    Dex: 14    Spells: 20/35 levels left

rFire   + . .        b - +3 short sword (venom)
rCold   + . .        P - +0 buckler
rNeg    + + +        F - +2 hat
rPois   ∞            K - amulet of the acrobat
rElec   +            y - ring "Rek Anad" {MP+9 Int+4}
rCorr   +            e - +4 ring of protection
SInv    .            H - ring of positive energy
Will    .....        (no ring)
Stlth   ++++         (no ring)
HPRegen 0.33/turn    (no ring)
MPRegen 0.25/turn    (no ring)
                     (no ring)

%: acrobat
@: resistant, petrified, very slightly contaminated
A: almost no armour, amphibious, 8 rings, camouflage 1, gelatinous body 1,
(nimble swimmer 1), tentacles
a: Renounce Religion


You were on level 4 of the Lair of Beasts.
You worshipped Vehumet.
Vehumet was greatly pleased with you.
You visited 2 branches of the dungeon, and saw 16 of its levels.
You also visited: Ossuary.

You collected 1121 gold pieces.

Inventory:

Hand Weapons
 a - a +2 short sword of electrocution
 b - a +3 short sword of venom (weapon)
Missiles
 f - 34 poisoned darts (quivered)
 C - 9 curare-tipped darts
Armour
 z - a +0 kite shield
 F - a +2 hat (worn)
 P - a +0 buckler (worn)
Jewellery
 e - a +4 ring of protection (right tentacle)
 q - a ring of ice
 y - the ring "Rek Anad" (left tentacle) {MP+9 Int+4}
   (You found it on level 3 of the Dungeon)

   [ring of magical power]

   Int+4:     It affects your intelligence (+4).
   MP+9:      It affects your magic capacity (+9).
 H - a ring of positive energy (on tentacle)
 K - an amulet of the acrobat (around mantle)
Wands
 k - a wand of flame (27)
 l - a wand of paralysis (1)
 m - a wand of roots (6)
 x - a wand of digging (13)
 I - a wand of mindburst (3)
 L - a wand of polymorph (6)
 N - a wand of quicksilver (22)
Scrolls
 c - 2 scrolls of poison
 d - 2 scrolls of fear
 h - 3 scrolls of amnesia
 i - 2 scrolls of blinking {unknown}
 n - 4 scrolls of enchant armour
 r - 3 scrolls of vulnerability
 s - a scroll of revelation
 t - a scroll of silence {unknown}
 w - 2 scrolls of immolation {unknown}
 E - a scroll of noise {unknown}
 J - 5 scrolls of fog
 M - 2 scrolls of teleportation
 O - 4 scrolls of identify
 R - a scroll of enchant weapon
 S - a scroll of brand weapon {unknown}
Potions
 g - 2 potions of curing
 j - 2 potions of might
 o - 3 potions of mutation {unknown}
 p - 2 potions of resistance
 u - 2 potions of enlightenment
 v - 2 potions of lignification
 A - 3 potions of attraction
 B - 2 potions of haste
 D - 2 potions of ambrosia {unknown}
 G - a potion of berserk rage {unknown}


   Skills:
 - Level 6.0 Fighting
 - Level 10.0 Short Blades
 - Level 2.0 Throwing
 - Level 2.0 Dodging
 - Level 6.6 Stealth
 + Level 4.7 Shields
 + Level 11.5 Spellcasting
 - Level 10.0 Conjurations
 - Level 6.0 Transmutations
 + Level 7.0 Ice Magic
 + Level 7.0 Air Magic
 - Level 5.0 Evocations


You had 20 spell levels left.
You knew the following spells:

 Your Spells              Type           Power      Damage    Failure   Level
a - Irradiate             Conj/Tmut      22%        3d19      2%          5
b - Ozocubu's Armour      Ice            41%        N/A       1%          3
c - Freezing Cloud        Conj/Ice/Air   22%        6-21      2%          5
d - Blink                 Tloc           24%        N/A       12%         2

Your spell library contained the following spells:

 Spells                   Type           Power      Damage    Failure   Level
 Conjure Ball Lightning   Conj/Air       23%        3x3d6     10%         6
 Shock                    Conj/Air       100%       1d9       1%          1
 Momentum Strike          Conj/Tloc      66%        3d9       1%          2
 Poisonous Vapours        Pois/Air       52%        N/A       1%          2
 Static Discharge         Conj/Air       94%        2-6/arc   1%          2
 Dazzling Flash           Conj/Hex       66%        N/A       1%          3
 Mephitic Cloud           Conj/Pois/Air  35%        N/A       1%          3
 Arcjolt                  Conj/Air       23%        1d33      1%          5
 Fulminant Prism          Conj/Hex       16%        3d10      2%          4
 Iskenderun's Mystic Bla  Conj/Tloc      33%        2d8       2%          4
 Volatile Blastmotes      Fire/Tloc      24%        2d12      6%          3
 Apportation              Tloc           24%        N/A       8%          1
 Necrotise                Necr           48%        1d6       8%          1
 Slow                     Hex            48%        N/A       8%          1
 Summon Small Mammal      Summ           48%        N/A       8%          1
 Lesser Beckoning         Tloc           24%        N/A       12%         2
 Sublimation of Blood     Necr           12%        N/A       12%         2
 Summon Ice Beast         Ice/Summ       27%        N/A       17%         4
 Confusing Touch          Hex            12%        N/A       22%         3
 Gell's Gravitas          Tloc           12%        N/A       22%         3
 Teleport Other           Tloc           12%        N/A       22%         3
 Vampiric Draining        Necr           12%        2d6       22%         3
 Petrify                  Tmut/Erth      24%        N/A       22%         4
 Starburst                Conj/Fire      16%        6d6       36%         6
 Metabolic Englaciation   Hex/Ice        13%        N/A       43%         5
 Summon Mana Viper        Hex/Summ       12%        N/A       91%         5
 Simulacrum               Ice/Necr       13%        N/A       95%         6
 Maxwell's Capacitive Co  Air            20%        ∞         99%         8
 Monstrous Menagerie      Summ           6%         N/A       100%        7


Dungeon Overview and Level Annotations

Branches:
Dungeon (12/15)            Temple (0/1) D:6            Lair (4/5) D:9
  Swamp (0/4) Lair:3        Snake (0/4) Lair:3          Orc (0/2) D:11
Ossuary (visited)
  Slime: Lair:4-5

Altars:
Cheibriados
Fedhas
Hepliaklqana
Okawaru
Ru
Vehumet
Zin

Shops:
D:4 [

Annotations:
D:11 3 runed translucent doors, Kiciri's ghost, journeyman GnDe; Omnilove's ghost, journeyman SpHu
D:12 Jorgrun
Lair:2 1 runed translucent door, ouz's ghost, novice FeSh


Innate Abilities, Weirdness & Mutations

You cannot wear most types of armour.
You are amphibious.
You can wear up to eight rings at the same time.
Your skin changes colour to match your surroundings (Stealth+).
Your rubbery body absorbs attacks. (AC +1, EV +1)
((You are camouflaged when in or above water. (Stealth+)))
You have tentacles for arms and can constrict up to eight enemies at once.


Message History

You hear a roar!
You hear an angry hiss.
Casting: Freezing Cloud (dangerous; 2% risk of failure)
Confirm with . or Enter, or press ? or * to list all spells.
You erupt in a fountain of uncontrolled magic!
The rime drake is blasted with magical radiation!!
You kill the rime drake!
Vehumet accepts your kill.
The basilisk is engulfed in freezing vapours.
The basilisk seems to slow down.
The basilisk gazes at you.
You are slowing down.
Your Air Magic skill increases to level 7!
Unknown command.
Okay, then.
Unknown command.
Okay, then.
Okay, then.
As you read the scroll of fear, it crumbles to dust.
You assume a fearsome visage.
The basilisk looks frightened!
The ice encasing you melts away.
Your limbs are stiffening.
Okay, then.
It was a potion of curing.
You feel better.
The basilisk is engulfed in freezing vapours.
The basilisk seems to slow down.
You have turned to stone.
An eight-headed hydra comes into view.
A wyvern comes into view.
The basilisk seems to regain its courage.
The eight-headed hydra is engulfed in freezing vapours.
The eight-headed hydra bites you!
* * * LOW HITPOINT WARNING * * *
The eight-headed hydra bites you!
* * * LOW HITPOINT WARNING * * *
The eight-headed hydra bites you.
* * * LOW HITPOINT WARNING * * *
The eight-headed hydra bites you but does no damage.
The eight-headed hydra bites you!
* * * LOW HITPOINT WARNING * * *
The eight-headed hydra bites you.
You die...

#.#####..########...##
##### #..## #...P#
#.#.###...# ##..##
.#..##....### #(l#
..........#.######.[#
.........(...†......#
....................#
..####...##.###.[Dl.#
### #..##### ##@#..###
# ##..## ###....# ##
#P...# #..### .#
#....# ##...# .##
########### #...##
..### ......###l.##
....# #k.....†l..#
....# #.........##
###.# #####..##..##


You could see an eight-headed hydra, a basilisk (slow) and a wyvern (wandering).

Vanquished Creatures
  Erolcha (D:9)
  A hydra (Lair:4)
  A catoblepas (Lair:1)
  3 boulder beetles
  7 two-headed ogres
  Sonja (D:12)
  A lindwurm (Lair:4)
  2 ugly things (D:11)
  A manticore (D:11)
  A cyclops (D:8)
  3 elephants
  4 black mambas
  7 rime drakes
  A torpor snail (Lair:4)
  4 komodo dragons
  Psyche (D:10)
  11 cane toads
  Maggie (D:7)
  A polar bear (Lair:1)
  2 trolls (D:11)
  A hornet (D:8)
  3 blink frogs (Lair:1)
  Sigmund (D:2)
  A wraith (D:9)
  2 vampires (D:9)
  5 spriggans (Lair:1)
  7 wyverns
  Eustachio (D:4)
  31 yaks
  2 basilisks
  Edmund (D:5)
  5 nagas (Lair:3)
  Duvessa (D:5)
  8 water moccasins
  2 black bears
  3 orc warriors
  3 ogres
  3 centaurs
  15 wolves
  A phantom (D:5)
  2 kobold brigands
  14 bullfrogs
  8 elf zombies
  3 gnoll sergeants
  3 scorpions
  3 elf skeletons (D:8)
  8 wights
  Dowan (D:5)
  13 killer bees
  6 electric eels
  3 centaur zombies (Ossuary)
  4 hounds
  3 orc priests
  2 jellies
  Ijyb (D:4)
  2 human skeletons (D:8)
  An iguana (D:7)
  12 orc wizards
  11 hell rats
  Terence (D:3)
  A statue (D:8)
  3 mummies (Ossuary)
  Robin (D:2)
  6 adders
  8 gnolls
  A shadow imp (D:5)
  2 adder zombies (Ossuary)
  3 worms
  3 dart slugs
  25 orcs
  12 ball pythons
  5 endoplasms
  3 gnoll zombies (Ossuary)
  16 goblins
  5 hobgoblins
  4 jackals
  4 quokkas
  6 bats
  5 frilled lizards
  5 goblin zombies (Ossuary)
  3 hobgoblin zombies (Ossuary)
  5 jackal zombies (Ossuary)
  12 kobolds
  6 kobold zombies (Ossuary)
  3 orc skeletons (D:8)
  An orc zombie (Ossuary)
  A quokka zombie (Ossuary)
  6 rats
  2 rat zombies (Ossuary)
408 creatures vanquished.

Notes
Turn   | Place    | Note
-------+----------+-------------------------------------------
     0 | D:5      | GordonOverkill the Octopode Delver began the quest for the
                  | Orb.
     0 | D:5      | Reached XP level 1. HP: 16/16 MP: 1/1
    29 | D:6      | Noticed a black bear
    67 | D:7      | Noticed a centaur
    68 | D:7      | Noticed a two-headed ogre
   114 | D:8      | Noticed a jelly
   114 | D:8      | Noticed a cyclops
   135 | D:8      | Found a blossoming altar of Fedhas.
   182 | D:8      | Found a radiant altar of Vehumet.
   182 | D:8      | Noticed a frost-covered statue
   247 | D:8      | Reached XP level 2. HP: 17/21 MP: 2/2
   247 | D:8      | Reached XP level 3. HP: 21/26 MP: 3/3
   272 | D:8      | Found a sand-covered staircase.
   283 | Ossuary  | Entered an ossuary
   375 | Ossuary  | Reached XP level 4. HP: 31/31 MP: 4/4
   423 | Ossuary  | Reached skill level 5 in Short Blades
   423 | Ossuary  | Reached XP level 5. HP: 23/36 MP: 5/5
   642 | Ossuary  | Reached XP level 6. HP: 32/42 MP: 6/6
   798 | Ossuary  | Reached XP level 7. HP: 28/46 MP: 7/7
  1181 | D:8      | Reached XP level 8. HP: 42/52 MP: 8/8
  1316 | D:8      | Became a worshipper of Vehumet
  1515 | D:5      | Noticed Dowan
  1517 | D:5      | Noticed Duvessa
  1539 | D:6      | Reached skill level 1 in Evocations
  1834 | D:5      | Noticed Edmund
  1841 | D:5      | Killed Edmund
  1879 | D:4      | Noticed Eustachio
  1879 | D:4      | Found Batrir's Armour Shop.
  1893 | D:4      | Killed Eustachio
  1894 | D:4      | Reached skill level 10 in Short Blades
  1894 | D:4      | Reached skill level 1 in Throwing
  2072 | D:2      | Noticed Sigmund
  2075 | D:2      | Killed Sigmund
  2283 | D:1      | Found a faded altar of an unknown god.
  2605 | D:1      | Reached * piety under Vehumet
  2605 | D:1      | Offered knowledge of Shock by Vehumet.
  3149 | D:2      | Noticed Robin
  3516 | D:2      | Reached XP level 9. HP: 56/56 MP: 9/9
  3519 | D:2      | Killed Robin
  3520 | D:2      | Reached skill level 5 in Evocations
  4010 | D:3      | Identified the ring "Rek Anad" {MP+9 Int+4}
  4130 | D:3      | Reached skill level 1 in Spellcasting
  4249 | D:3      | Noticed Terence
  4256 | D:3      | Killed Terence
  4370 | D:3      | Reached ** piety under Vehumet
  4614 | D:4      | Offered knowledge of Foxfire by Vehumet.
  4640 | D:4      | Got Sif Muna's Verses on Forceful Breath
  4888 | D:4      | Noticed Ijyb
  4895 | D:4      | Killed Ijyb
  4896 | D:4      | Reached skill level 2 in Spellcasting
  5586 | D:4      | Reached skill level 3 in Spellcasting
  6006 | D:5      | Reached skill level 4 in Spellcasting
  6175 | D:5      | Killed Duvessa
  6179 | D:5      | Killed Dowan
  6592 | D:6      | Found a staircase to the Ecumenical Temple.
  6627 | D:6      | Reached skill level 5 in Spellcasting
  6733 | D:6      | Found a glowing silver altar of Zin.
  6748 | D:6      | Found a sacrificial altar of Ru.
  6862 | D:7      | Reached skill level 1 in Conjurations
  6862 | D:7      | Reached skill level 1 in Transmutations
  6936 | D:7      | Found a hazy altar of Hepliaklqana.
  7372 | D:7      | Offered knowledge of Mephitic Cloud by Vehumet.
  7382 | D:7      | Noticed Maggie
  7393 | D:7      | Killed Maggie
  7622 | D:7      | Killed a two-headed ogre
  7623 | D:7      | Reached skill level 6 in Spellcasting
  7623 | D:7      | Reached XP level 10. HP: 46/63 MP: 19/19
  7629 | D:7      | Learned a level 5 spell: Irradiate
  8045 | D:8      | Killed a cyclops
  8045 | D:8      | Reached *** piety under Vehumet
  8101 | D:8      | Reached skill level 5 in Transmutations
  8410 | D:8      | Found an iron altar of Okawaru.
  9173 | D:9      | Reached skill level 5 in Conjurations
  9184 | D:9      | Offered knowledge of Inner Flame by Vehumet.
  9301 | D:9      | Found a staircase to the Lair.
  9666 | D:9      | Noticed a two-headed ogre
  9747 | D:9      | Killed a two-headed ogre
  9866 | D:9      | Reached skill level 7 in Spellcasting
  9866 | D:9      | Reached XP level 11. HP: 39/67 MP: 8/21
 10148 | D:9      | Found a snail-covered altar of Cheibriados.
 10237 | D:9      | Reached **** piety under Vehumet
 10532 | D:9      | Noticed Erolcha
 10683 | D:8      | Offered knowledge of Ignite Poison by Vehumet.
 10850 | D:9      | Killed Erolcha
 10851 | D:9      | Reached skill level 8 in Spellcasting
 10998 | D:10     | Entered Level 10 of the Dungeon
 11042 | D:10     | Noticed a two-headed ogre
 11049 | D:10     | Killed a two-headed ogre
 11294 | D:10     | Noticed a boulder beetle
 11300 | D:10     | Killed a boulder beetle
 11360 | D:10     | Noticed a two-headed ogre
 11373 | D:10     | Killed a two-headed ogre
 11997 | D:10     | Noticed a two-headed ogre
 12032 | D:10     | Killed a two-headed ogre
 12033 | D:10     | Reached skill level 9 in Spellcasting
 12397 | D:10     | Noticed Psyche
 12403 | D:10     | Killed Psyche
 12749 | D:12     | Noticed a two-headed ogre
 12751 | D:12     | Killed a two-headed ogre
 12752 | D:12     | Reached skill level 1 in Ice Magic
 12752 | D:12     | Reached skill level 1 in Air Magic
 12752 | D:12     | Reached XP level 12. HP: 31/72 MP: 24/25
 12905 | D:12     | Noticed Sonja
 12910 | D:12     | Killed Sonja
 12977 | D:12     | Noticed Jorgrun
 13086 | D:11     | Found a staircase to the Orcish Mines.
 13562 | D:11     | Reached skill level 10 in Conjurations
 13564 | D:11     | Found a runed translucent gate.
 13564 | D:11     | Found a runed translucent gate.
 13564 | D:11     | Found a runed translucent gate.
 13639 | D:11     | Noticed a two-headed ogre
 13656 | D:11     | Killed a two-headed ogre
 14262 | D:11     | Noticed Kiciri's ghost (journeyman GnDe)
 14262 | D:11     | Noticed Omnilove's ghost (journeyman SpHu)
 14328 | Lair:1   | Entered Level 1 of the Lair of Beasts
 14465 | Lair:1   | Reached skill level 10 in Spellcasting
 15123 | Lair:1   | Reached skill level 5 in Air Magic
 15126 | Lair:1   | Reached skill level 5 in Ice Magic
 15131 | Lair:1   | Learned a level 3 spell: Ozocubu's Armour
 15179 | Lair:1   | Learned a level 5 spell: Freezing Cloud
 15217 | Lair:1   | Noticed a catoblepas
 15242 | Lair:1   | Killed a catoblepas
 16115 | Lair:1   | Reached skill level 5 in Fighting
 16252 | Lair:1   | Reached XP level 13. HP: 81/81 MP: 27/27
 16381 | Lair:2   | Reached skill level 1 in Shields
 16766 | Lair:2   | Found a runed translucent door.
 16766 | Lair:2   | Noticed ouz's ghost (novice FeSh)
 17129 | Lair:2   | Reached ***** piety under Vehumet
 17201 | Lair:2   | Offered knowledge of Conjure Ball Lightning by Vehumet.
 17304 | Lair:2   | You fall into a shaft and drop 2 floors!
 17319 | Lair:4   | Reached skill level 11 in Spellcasting
 17483 | Lair:2   | Found a snail-covered altar of Cheibriados.
 18774 | Lair:3   | Found a staircase to the Swamp.
 19508 | Lair:3   | Found a staircase to the Snake Pit.
 19691 | Lair:3   | Learned a level 2 spell: Blink
 20257 | Lair:4   | Identified the +3 leather armour of Mogev {Regen+ Str+3}
 21805 | Lair:4   | HP: 2/83 [eight-headed hydra (5)]
 21805 | Lair:4   | Slain by an eight-headed hydra

Illustrated notes

Levels and vault maps discovered:
D:1:      minmay_arrival_hallway, layout_loops_ring,
          dreamdust_ecumenical_altar_statues
D:2:      layout_loops_ring, chequers_serial_rivers_room_b, minivault_14,
          minmay_misc_feat_room, uniq_robin, uniq_sigmund
D:3:      layout_basic, uniq_terence
D:4:      layout_basic, serial_shops, nicolae_shop_trees, uniq_eustachio,
          uniq_ijyb
D:5:      layout_rooms, grunt_ministairs_8, uniq_duvessa, uniq_edmund
D:6:      layout_rooms, mainiacjoe_overflow_alcove_1, zin_statuary,
          temple_statues
D:7:      layout_loops_cross, mainiacjoe_overflow_24_doors,
          minmay_misc_feat_chi, uniq_maggie
D:8:      layout_layer_cave, vehumet_statue, mainiacjoe_overflow_catch_the_wave,
          nicolae_ossuary_entry_catacombs, enter_bailey_3
D:9:      layout_basic, cheibrodos_worm_habitat, grunt_lair_entry_orc_guard_hut,
          kennysheep_potato, uniq_erolcha
D:10:     layout_grid_maze, uniq_psyche
D:11:     layout_long_grid, orc_0_dummy, gammafunk_ghost_cemetery
D:12:     layout_stronghold, uniq_sonja, uniq_jorgrun, uniq_nergalle,
          uniq_nessos
Lair:1:   layout_roguey, serial_bayou, serial_bayou_lake_a, serial_bayou_ford_a,
          serial_bayou_shore_a, serial_bayou_pond_a, wad_woods_01
Lair:2:   layout_gridlike, basic_altar, gammafunk_ghost_grave
Lair:3:   layout_gridlike, swamp_mist_pool, minmay_snake_entry_guardpost_medium
Lair:4:   layout_long_grid, special_room [special_room_mythical_zoo],
          serial_bayou_shore_b, grunt_megastairs_5, lemuel_fruit_tree,
          serial_bayou_shore_b

Skill      XL: |  1  2  3  4  5  6  7  8  9 10 11 12 13 |
---------------+----------------------------------------+-----
Short Blades   | 3 4 5 6 7 9 10 | 10.0
Evocations     | 4 5 |  5.0
Throwing       | 2 |  2.0
Spellcasting   | 6 7 9 10 11 | 11.5
Conjurations   | 3 7 9 10 | 10.0
Transmutations | 4 6 |  6.0
Ice Magic      | 1 5 7 |  7.0
Air Magic      | 1 5 7 |  7.0
Fighting       | 5 6 |  6.0
Shields        | 4 |  4.7
Dodging        | |  2.0
Stealth        | |  6.6

Action                     |  1- 3 |  4- 6 |  7- 9 | 10-12 | 13-15 || total
---------------------------+-------+-------+-------+-------+-------++-------
  Melee: Short sword       |    27 |   122 |   127 |   410 |    76 ||   762
         Tentacles         |     7 |    45 |   100 |   150 |    27 ||   329
         Constrict         |     7 |    22 |    51 |    57 |    13 ||   150
         Punch             |     1 |     1 |     6 |    10 |     2 ||    20
         Dagger            |       |       |   245 |    64 |       ||   309
  Throw: Dart              |       |       |     7 |    24 |       ||    31
   Cast: Irradiate         |       |       |       |    41 |    18 ||    59
         Freezing Cloud    |       |       |       |    14 |    82 ||    96
         Ozocubu's Armour  |       |       |       |     2 |       ||     2
  Evoke: Wand              |     1 |       |    23 |    24 |       ||    48
    Use: Scroll            |     1 |       |    11 |     4 |     1 ||    17
         Potion            |       |       |     3 |       |     3 ||     6
   Stab: Sleeping          |     4 |     5 |    52 |    10 |     5 ||    76
         Paralysed         |       |       |     4 |       |       ||     4
         Distracted        |       |       |       |     1 |     1 ||     2
 Armour: Skin              |     1 |    11 |    21 |    96 |    13 ||   142
  Dodge: Dodged            |     9 |    64 |   125 |   205 |    48 ||   451
  Block: Buckler           |       |       |       |       |     7 ||     7

Table legend: (Time is in decaauts)
 A = Elapsed time spent in this place.
 B = Non-inter-level travel time spent in this place.
 C = Inter-level travel time spent in this place.
 D = Time resting spent in this place.
 E = Time spent auto-exploring this place.
 F = Levels seen in this place.
 G = Mean time per level.
                   A        B        C        D        E       F      G
               +--------+--------+--------+--------+--------+-----+--------+
         Total |  21300 |  20594 |    706 |   7417 |   8999 |  17 | 1252.9 |
       Dungeon |  13402 |  12756 |    646 |   3352 |   6510 |  12 | 1116.8 |
          Lair |   7270 |   7211 |     59 |   3860 |   2442 |   4 | 1817.5 |
       Ossuary |    626 |    626 |      0 |    205 |     47 |   1 |  626.0 |
               +--------+--------+--------+--------+--------+-----+--------+

Top non-repeatable levels by time:
     D:8: 2296 daAuts
  Lair:4: 2192 daAuts
  Lair:1: 1849 daAuts
  Lair:3: 1649 daAuts
  Lair:2: 1579 daAuts
     D:9: 1555 daAuts
    D:10: 1448 daAuts
     D:4: 1284 daAuts
    D:11: 1248 daAuts
     D:7: 1171 daAuts
     D:2: 1117 daAuts
     D:6: 836 daAuts
     D:1: 828 daAuts
     D:5: 791 daAuts
 Ossuary: 626 daAuts
